 Dungeon Crawl Stone Soup version 0.31.0-11-ge490571c62 (webtiles) character file.

Game seed: 3294012847583312600

64 qw the Shooter (level 3, -3/18 HPs)
             Began as a Spriggan Hunter on Feb 3, 2024.
             Slain by a lemure (7 damage)
             ... led by Pikel
             ... on level 3 of the Dungeon.
             The game lasted 00:00:09 (1753 turns).

qw the Shooter (Spriggan Hunter)                    Turns: 1753, Time: 00:00:09

Health: -3/18      AC:  2    Str:  7    XL:     3   Next: 91%
Magic:  4/4        EV: 19    Int: 10    God:
Gold:   138        SH:  0    Dex: 20    Spells: 2/2 levels left

rFire   . . .        j - +1 orcbow
rCold   . . .        (shield currently unavailable)
rNeg    . . .        c - +0 robe
rPois   .            (helmet restricted)
rElec   .            (no cloak)
rCorr   .            (gloves unavailable)
SInv    +            (boots unavailable)
Will    .....        (no amulet)
Stlth   ++           (no ring)
HPRegen 0.23/turn    (no ring)
MPRegen 0.09/turn

%: no passive effects
@: very quick
A: very small, no large weapons, unfitting armour, see invisible, speed 3
a: no special abilities


You were on level 3 of the Dungeon.
You visited 1 branch of the dungeon, and saw 4 of its levels.

You collected 204 gold pieces.
You spent 66 gold pieces at shops.


Innate Abilities, Weirdness & Mutations

You are very small and have problems with some larger weapons.
You are too small for most types of armour.
You have supernaturally acute eyesight. (SInv)
You cover ground extremely quickly. (Speed+++)


   Skills:
 - Level 1.5 Fighting
 - Level 5.0 Ranged Weapons
 + Level 4.2 Dodging
 - Level 1.5 Stealth


You had 2 spell levels left.
You didn't know any spells.
Your spell library was empty.

Inventory:

Hand Weapons
 j - a +1 orcbow (weapon)
Armour
 c - a +0 robe (worn)
Scrolls
 f - 2 scrolls of teleportation
Potions
 d - 2 potions of enlightenment
 e - a potion of magic {unknown}
 g - a potion of might
 k - a potion of curing

Dungeon Overview and Level Annotations

Branches:
Dungeon (4/15)
 Temple: D:4-7

Altars:
Ashenzari

Shops:
D:3 *

Annotations:
D:4 Pikel


Message History

1691 ||| RETREEEEATING.
A lemure comes into view.
1692 ||| RETREEEEATING.
A lemure comes into view.
The lemure shouts!
1693 ||| FLEEEEING.
1694 ||| FLEEEEING.
1695 ||| FLEEEEING.
There is a stone staircase leading up here.
1696 ||| STAIRDANCE You climb upwards.
There is a stone staircase leading down here.
You start resting.
You feel a little less clever now.
Your extra speed is starting to run out.
You feel yourself slow down.
HP restored.
You climb downwards.
Level annotation: Pikel
There is a stone staircase leading up here.
1747 ||| STAIRDANCE The lemure closely misses you.
You climb upwards.
There is a stone staircase leading down here.
You shoot an arrow. The arrow hits the lemure.
The lemure is lightly wounded.
The lemure completely misses you. The lemure closely misses you.
You shoot an arrow. The arrow hits the lemure.
The lemure is moderately wounded.
The lemure closely misses you.
You shoot an arrow. The arrow misses the lemure.
The lemure closely misses you.
You shoot an arrow. The arrow hits the lemure!
The lemure is heavily wounded.
The lemure hits you!
You shoot an arrow.
The arrow hits the lemure but does no damage.
The lemure is heavily wounded.
The lemure hits you! x2
You die...

########
#########......#
#.......#....#.#####
#.#5................
#.#@.......#........
#.#.###....#<...###.
#.#.# #.#.........#.
#.#.###.#.....#.#.#.
#.#.....#.........#)
#.########.#.##.....
#.##.......#.#......
#....#.......#.#####
######%#######.# #.


You could see a lemure.

Vanquished Creatures
  2 dart slugs (D:3)
  5 ball pythons
  3 bats
  7 endoplasms
  3 giant cockroaches
  7 jackals
  9 kobolds
  4 quokkas
  3 frilled lizards
  5 goblins
  5 rats
53 creatures vanquished.

Notes
Turn   | Place    | Note
-------+----------+-------------------------------------------
     0 | D:1      | qw the Spriggan Hunter began the quest for the Orb.
     0 | D:1      | Reached XP level 1. HP: 10/10 MP: 2/2
     0 | D:1      | 0 ||| qw: Version: 0.3-a-155-g5e7d8dd
     0 | D:1      | 0 ||| qw: Game counter: 3520
     0 | D:1      | 0 ||| qw: Melee chars always use a shield: true
     0 | D:1      | 0 ||| qw: God list: Okawaru
     0 | D:1      | 0 ||| qw: Allow faded altars: false
     0 | D:1      | 0 ||| qw: Do Orc after clearing Dungeon:15 true
     0 | D:1      | 0 ||| qw: Do second Lair branch before Depths: true
     0 | D:1      | 0 ||| qw: Lair rune preference: random
     0 | D:1      | 0 ||| qw: Goals: Normal
     0 | D:1      | 0 ||| PLANNING D:1-11
    24 | D:1      | Reached skill level 3 in Dodging
    87 | D:1      | Reached XP level 2. HP: 14/14 MP: 3/3
   445 | D:1      | 445 ||| READING scroll labelled VEZODORAKI.
   446 | D:1      | 446 ||| READING scroll labelled TEBROI ROOC.
   446 | D:1      | 446 ||| IDENTIFYING sedimented red potion
   447 | D:1      | 447 ||| READING scroll labelled OGAKUCZI ACHON.
   448 | D:1      | 448 ||| READING scroll labelled WAORRA TIUPICS.
   449 | D:1      | 449 ||| READING scroll labelled SOACWY HAPSAU.
   453 | D:1      | 453 ||| DRINKING 2 murky puce potions.
   454 | D:1      | 454 ||| DRINKING 2 fuming amethyst potions.
   455 | D:1      | 455 ||| DROPPING scroll of butterflies.
   456 | D:1      | 456 ||| DROPPING potion of lignification.
   457 | D:1      | 457 ||| DROPPING potion of attraction.
   670 | D:2      | 670 ||| READING scroll of identify.
   670 | D:2      | 670 ||| IDENTIFYING bubbling ruby potion
   671 | D:2      | 671 ||| READING scroll labelled FYREPA GIJAME.
   709 | D:2      | 709 ||| READING scroll labelled XUUSMI KIYPUO.
   717 | D:2      | 717 ||| DRINKING 2 glowing grey potions.
   718 | D:2      | 718 ||| FLEEEEING.
   719 | D:2      | 719 ||| FLEEEEING.
   720 | D:2      | 720 ||| FLEEEEING.
   721 | D:2      | 721 ||| FLEEEEING.
   722 | D:2      | 722 ||| FLEEEEING.
   723 | D:2      | 723 ||| FLEEEEING.
   724 | D:2      | 724 ||| FLEEEEING.
   725 | D:2      | 725 ||| FLEEEEING.
   726 | D:2      | 726 ||| FLEEEEING.
   727 | D:2      | 727 ||| FLEEEEING.
   728 | D:2      | 728 ||| FLEEEEING.
   729 | D:2      | 729 ||| FLEEEEING.
   730 | D:2      | 730 ||| FLEEEEING.
   731 | D:2      | 731 ||| FLEEEEING.
   732 | D:2      | 732 ||| FLEEEEING.
   733 | D:2      | 733 ||| FLEEEEING.
   734 | D:2      | 734 ||| FLEEEEING.
   735 | D:2      | 735 ||| FLEEEEING.
   736 | D:2      | 736 ||| FLEEEEING.
   737 | D:2      | 737 ||| FLEEEEING.
   738 | D:2      | 738 ||| FLEEEEING.
   739 | D:2      | 739 ||| FLEEEEING.
   740 | D:2      | 740 ||| FLEEEEING.
   741 | D:2      | 741 ||| FLEEEEING.
   742 | D:2      | 742 ||| FLEEEEING.
   743 | D:2      | 743 ||| FLEEEEING.
   744 | D:2      | 744 ||| FLEEEEING.
   745 | D:2      | 745 ||| FLEEEEING.
   746 | D:2      | 746 ||| FLEEEEING.
   747 | D:2      | 747 ||| FLEEEEING.
   748 | D:2      | 748 ||| FLEEEEING.
   749 | D:2      | 749 ||| FLEEEEING.
   750 | D:2      | 750 ||| FLEEEEING.
   751 | D:2      | 751 ||| FLEEEEING.
   752 | D:2      | 752 ||| FLEEEEING.
   753 | D:2      | 753 ||| FLEEEEING.
   754 | D:2      | 754 ||| FLEEEEING.
   755 | D:2      | 755 ||| FLEEEEING.
   756 | D:2      | 756 ||| FLEEEEING.
   757 | D:2      | 757 ||| FLEEEEING.
   758 | D:2      | 758 ||| FLEEEEING.
   759 | D:2      | 759 ||| FLEEEEING.
   760 | D:2      | 760 ||| FLEEEEING.
   761 | D:2      | 761 ||| FLEEEEING.
   762 | D:2      | 762 ||| FLEEEEING.
   763 | D:2      | 763 ||| FLEEEEING.
   764 | D:2      | 764 ||| FLEEEEING.
   765 | D:2      | 765 ||| FLEEEEING.
   766 | D:2      | 766 ||| FLEEEEING.
   767 | D:2      | 767 ||| FLEEEEING.
   768 | D:2      | 768 ||| FLEEEEING.
   769 | D:2      | 769 ||| FLEEEEING.
   770 | D:2      | 770 ||| FLEEEEING.
   771 | D:2      | 771 ||| FLEEEEING.
   772 | D:2      | 772 ||| FLEEEEING.
   773 | D:2      | 773 ||| FLEEEEING.
   774 | D:2      | 774 ||| FLEEEEING.
   775 | D:2      | 775 ||| FLEEEEING.
   776 | D:2      | 776 ||| FLEEEEING.
   777 | D:2      | 777 ||| FLEEEEING.
   778 | D:2      | 778 ||| FLEEEEING.
   779 | D:2      | 779 ||| FLEEEEING.
   780 | D:2      | 780 ||| FLEEEEING.
   781 | D:2      | 781 ||| FLEEEEING.
   782 | D:2      | 782 ||| FLEEEEING.
   783 | D:2      | 783 ||| FLEEEEING.
   784 | D:2      | 784 ||| FLEEEEING.
   785 | D:2      | 785 ||| FLEEEEING.
   786 | D:2      | 786 ||| FLEEEEING.
   787 | D:2      | 787 ||| FLEEEEING.
   788 | D:2      | 788 ||| FLEEEEING.
   789 | D:2      | 789 ||| FLEEEEING.
   790 | D:2      | 790 ||| FLEEEEING.
   791 | D:2      | 791 ||| FLEEEEING.
   792 | D:2      | 792 ||| FLEEEEING.
   793 | D:2      | 793 ||| FLEEEEING.
   794 | D:2      | 794 ||| FLEEEEING.
   795 | D:2      | 795 ||| FLEEEEING.
   796 | D:2      | 796 ||| FLEEEEING.
   797 | D:2      | 797 ||| FLEEEEING.
   798 | D:2      | 798 ||| FLEEEEING.
   799 | D:2      | 799 ||| FLEEEEING.
   800 | D:2      | 800 ||| FLEEEEING.
   819 | D:2      | Reached XP level 3. HP: 18/18 MP: 4/4
   979 | D:2      | Found a broken altar of Ashenzari.
  1058 | D:2      | 1058 ||| READING scroll labelled NODEPHAYDU.
  1059 | D:2      | 1059 ||| DROPPING potion of berserk rage.
  1090 | D:3      | 1090 ||| STAIRDANCE
  1226 | D:3      | 1226 ||| SWAPPING to +0 orcbow.
  1227 | D:3      | 1227 ||| DROPPING +0 shortbow.
  1428 | D:3      | Found Zeudon's Assorted Antiques.
  1448 | D:3      | 1448 ||| BUYING scroll of teleportation (66 gold).
  1448 | D:3      | Bought a scroll of teleportation for 66 gold pieces
  1456 | D:3      | Reached skill level 5 in Ranged Weapons
  1642 | D:3      | 1642 ||| READING scroll of identify.
  1642 | D:3      | 1642 ||| IDENTIFYING fuming blue potion
  1643 | D:3      | 1643 ||| READING scroll labelled XIF DEWOSSI.
  1644 | D:3      | 1644 ||| READING scroll labelled MAYCLO HOHO.
  1644 | D:3      | 1644 ||| ENCHANTING +0 orcbow.
  1645 | D:3      | 1645 ||| DRINKING 2 dark potions.
  1646 | D:3      | 1646 ||| DRINKING 2 bubbling sapphire potions.
  1647 | D:3      | 1647 ||| DROPPING potion of brilliance.
  1680 | D:4      | Noticed Pikel
  1680 | D:4      | Noticed a lemure
  1681 | D:4      | 1681 ||| DRINKING potion of haste.
  1690 | D:4      | Noticed a lemure
  1691 | D:4      | 1691 ||| RETREEEEATING.
  1691 | D:4      | Noticed a lemure
  1692 | D:4      | 1692 ||| RETREEEEATING.
  1692 | D:4      | Noticed a lemure
  1693 | D:4      | 1693 ||| FLEEEEING.
  1694 | D:4      | 1694 ||| FLEEEEING.
  1695 | D:4      | 1695 ||| FLEEEEING.
  1696 | D:4      | 1696 ||| STAIRDANCE
  1747 | D:4      | 1747 ||| STAIRDANCE
  1753 | D:3      | HP: 4/18 [lemure[Pikel] (7)]
  1753 | D:3      | Slain by a lemure

Levels and vault maps discovered:
D:1:      lightli_iron_boxes, layout_rooms
D:2:      layout_loops_ring, basic_altar, grunt_decor_cap
D:3:      layout_basic, serial_shops, nicolae_diamond_shop
D:4:      layout_loops_ring, grunt_temple_overflow_forces_of_nature, uniq_pikel,
          uniq_natasha

Skill      XL: |  1  2  3 |
---------------+----------+-----
Dodging        | 3 4 |  4.2
Ranged Weapons | 5 |  5.0
Fighting       | |  1.5
Stealth        | |  1.5

Action                     || total
---------------------------++-------
   Fire: Shortbow          ||    82
         Orcbow            ||    41
    Use: Scroll            ||    12
         Potion            ||     6
 Armour: Robe              ||     6
  Dodge: Dodged            ||    29

Table legend:
 A = Non-vault XP
 B = Vault XP
 C = Vault XP percentage of total XP
 D = Non-vault monster count
 E = Vault monster count
 F = Vault count percentage of total count
                 A         B        C        D         E       F
            +---------+---------+-------+---------+---------+-------
      Total |      92 |       0 |   0.0 |      53 |       0 |   0.0
            +---------+---------+-------+---------+---------+-------
        D:1 |      29 |       0 |   0.0 |      18 |       0 |   0.0
        D:2 |      22 |       0 |   0.0 |      13 |       0 |   0.0
        D:3 |      40 |       0 |   0.0 |      21 |       0 |   0.0
        D:4 |       1 |       0 |   0.0 |       1 |       0 |   0.0
            +---------+---------+-------+---------+---------+-------
